AoeStats
← Warcanoe

Nomad

505276755Analyzed
2v2 RM · 24d ago on Sep 8, 2026· 21m 12s· 4 players
Game mode
Random Map
Map size
176×176
Population
200
Speed
Normal
Resources
Standard
Victory
Conquest
Starting age
Dark Age
Ending age
Imperial Age
RankedLock teamsTeams togetherTeam positionsShared explorationLock speedFull tech treeHidden civsTurbo modeCheats
Victory
Defeat
🇫🇮 Vikings · Finland
1268
+15
🇫🇮 Japanese · Finland
1268
+15
🇩🇪 Persians · Germany
1262
-16
🇨🇭 Romans · Switzerland
1216
-14
dasmurka
7:18 Loom
7:26 Loom
11:55 Feudal Age
12:38 Double-Bit Axe
23:14 Castle Age
Warcanoe
10:16 Loom
16:23 Feudal Age
secyde
4:14 Loom
13:43 Feudal Age
19:30 Castle Age
18:58 Fletching
19:14 Double-Bit Axe
21:01 Bow Saw
Sapelilokki
6:58 Loom
12:46 Feudal Age
14:02 Double-Bit Axe
16:58 Wheelbarrow
16:09 Town Watch
21:17 Castle Age
20:31 Fishing Lines
Connection lost

Rejoining the realm…

Still unreachable

The connection could not be restored.

Session expired

The server has moved on; the page needs a fresh start.